SNL (28 & UNDER)
WEST VIRGINIA POWER @ BLACKIRON DRAGONS
05/07/2026
 
TOP OF THE 1ST
West Virginia Power batting - Pitching for BlackIron Dragons : RHP Víctor Ventura
Pitching: RHP Víctor Ventura
Batting: LHB Júlio Martínez 0-0: Ball
1-0: SINGLE (Groundball, 34D)
Batting: LHB Héctor Cruz 0-0: Ball
1-0: Ball
2-0: Ball
3-0: Base on Balls
Júlio Martínez to second
Batting: RHB Aaron Murray 0-0: Ball
1-0: Foul Ball, location: 2F
1-1: Called Strike
1-2: Ball
Balk!
Júlio Martínez to third
Héctor Cruz to second
2-2: Strikes out swinging passed ball, reaches first!
Júlio Martínez scores
Héctor Cruz to third
Batting: RHB Dave McGrath 0-0: Called Strike
0-1: Foul Ball, location: 2F
0-2: Fly out, F9 (Line Drive, 9M)
Runner from 3rd tags up, SCORES, throw made
Batting: RHB Ben Dougherty Pickoff Throw to First - Out!
0-0: Called Strike
0-1: Ball
1-1: Ball
2-1: Ground out 6-3 (Groundball, 6)
Top of the 1st over - 2 run(s), 1 hit(s), 0 error(s), 0 left on base; West Virginia 2 - BlackIron 0
BOTTOM OF THE 1ST
BlackIron Dragons batting - Pitching for West Virginia Power : RHP Aaron Thrash
Pitching: RHP Aaron Thrash
Batting: RHB José Colón 0-0: Swinging Strike
0-1: Fly out, F3 (Popup, 3DF)
Batting: RHB Boyd Pittman 0-0: Called Strike
0-1: Ball
1-1: Foul Ball, location: 2F
1-2: Ball
2-2: Foul Ball, location: 2F
2-2: Strikes out looking
Batting: RHB Gil Palmer 0-0: Fly out, F7 (Flyball, 78M)
Bottom of the 1st over - 0 run(s), 0 hit(s), 0 error(s), 0 left on base; West Virginia 2 - BlackIron 0
TOP OF THE 2ND
West Virginia Power batting - Pitching for BlackIron Dragons : RHP Víctor Ventura
Batting: RHB Tony Parker 0-0: Called Strike
0-1: Foul Ball, location: 2F
0-2: Ball
1-2: Ball
2-2: Foul Ball, location: 2F
2-2: Foul Ball, location: 2F
2-2: Ball
3-2: Foul Ball, location: 2F
3-2: Base on Balls
Batting: SHB Waylon Adams 0-0: Ball
1-0: Swinging Strike
1-1: Swinging Strike
1-2: Strikes out swinging
Batting: LHB Héctor Soto 0-0: Ball
1-0: Foul Ball, location: 2F
1-1: Fly out, F6 (Line Drive, 6)
Batting: LHB Lúcio Anaya 0-0: Ball
1-0: Ball
2-0: DOUBLE (Flyball, 7LM)
Tony Parker to third
Runner from 3rd tries for Home, SAFE, no throw or cutoff
Batting: LHB Júlio Martínez 0-0: Swinging Strike
0-1: Called Strike
0-2: Ball
1-2: Strikes out swinging
Top of the 2nd over - 1 run(s), 1 hit(s), 0 error(s), 1 left on base; West Virginia 3 - BlackIron 0
BOTTOM OF THE 2ND
BlackIron Dragons batting - Pitching for West Virginia Power : RHP Aaron Thrash
Batting: LHB Culley Vaughan 0-0: Called Strike
0-1: Called Strike
0-2: Strikes out swinging
Batting: RHB Preston MacLyan 0-0: Called Strike
0-1: Swinging Strike
0-2: Strikes out swinging
Batting: RHB Frank Maxwell 0-0: Ground out 5-3 (Groundball, 5)
Bottom of the 2nd over - 0 run(s), 0 hit(s), 0 error(s), 0 left on base; West Virginia 3 - BlackIron 0
TOP OF THE 3RD
West Virginia Power batting - Pitching for BlackIron Dragons : RHP Víctor Ventura
Batting: LHB Héctor Cruz 0-0: Ball
1-0: Ball
2-0: Ball
3-0: Base on Balls
Batting: RHB Aaron Murray 0-0: Ball
1-0: Ball
2-0: Ball
3-0: Called Strike
3-1: Base on Balls
Héctor Cruz to second
Batting: RHB Dave McGrath 0-0: Ball
1-0: Foul Ball, location: 2F
1-1: Ball
2-1: Swinging Strike
2-2: Foul Ball, location: 2F
2-2: Strikes out swinging
Batting: RHB Ben Dougherty 0-0: Ball
1-0: Called Strike
1-1: Swinging Strike
1-2: Ball
2-2: Strikes out swinging
Batting: RHB Tony Parker 0-0: Ball
1-0: Called Strike
1-1: Swinging Strike
1-2: Ball
2-2: Ball
3-2: Foul Ball, location: 2F
3-2: Foul Ball, location: 2F
3-2: Fly out, F3 (Popup, 3SF)
Top of the 3rd over - 0 run(s), 0 hit(s), 0 error(s), 2 left on base; West Virginia 3 - BlackIron 0
BOTTOM OF THE 3RD
BlackIron Dragons batting - Pitching for West Virginia Power : RHP Aaron Thrash
Batting: RHB Mark Arnold 0-0: Ball
1-0: Swinging Strike
1-1: Foul Ball, location: 2F
1-2: SOLO HOME RUN (Flyball, 7D), Distance : 416 ft
Batting: RHB Doug O'Brien 0-0: Swinging Strike
0-1: Ground out 6-3 (Groundball, 6)
Batting: RHB Eugene Payne 0-0: Ball
1-0: Swinging Strike
1-1: Foul Ball, location: 2F
1-2: Strikes out looking
Batting: RHB José Colón 0-0: Called Strike
0-1: Fly out, F7 (Line Drive, 7M)
Bottom of the 3rd over - 1 run(s), 1 hit(s), 0 error(s), 0 left on base; West Virginia 3 - BlackIron 1
TOP OF THE 4TH
West Virginia Power batting - Pitching for BlackIron Dragons : RHP Víctor Ventura
Batting: SHB Waylon Adams 0-0: Ball
1-0: SINGLE (Line Drive, 8LS)
Batting: LHB Héctor Soto 0-0: Foul Ball, location: 2F
0-1: SINGLE (Groundball, 56D)
Waylon Adams to second
Batting: LHB Lúcio Anaya 0-0: Ball
1-0: Swinging Strike
1-1: Called Strike
1-2: Strikes out swinging
Batting: LHB Júlio Martínez 0-0: Ball
1-0: DOUBLE (Line Drive, 8RM)
Waylon Adams scores
Héctor Soto to third
Batting: LHB Héctor Cruz 0-0: Called Strike
0-1: SINGLE (Flyball, 7S)
Héctor Soto scores
Júlio Martínez to third
Runner from 3rd tries for Home, SAFE, no throw or cutoff
Batting: RHB Aaron Murray 0-0: Called Strike
0-1: Ball
1-1: Foul Ball, location: 2F
1-2: Foul Ball, location: 2F
1-2: Strikes out looking
Batting: RHB Dave McGrath 0-0: Swinging Strike
0-1: Ball
1-1: Called Strike
1-2: Foul Ball, location: 2F
1-2: Strikes out swinging passed ball, reaches first!
Héctor Cruz to second
Batting: RHB Ben Dougherty 0-0: Called Strike
0-1: Ball
1-1: Swinging Strike
1-2: Ground out 5-3 (Groundball, 5L)
Top of the 4th over - 3 run(s), 4 hit(s), 0 error(s), 2 left on base; West Virginia 6 - BlackIron 1
BOTTOM OF THE 4TH
BlackIron Dragons batting - Pitching for West Virginia Power : RHP Aaron Thrash
Batting: RHB Boyd Pittman 0-0: Called Strike
0-1: SINGLE (Line Drive, 56D)
Batting: RHB Gil Palmer 0-0: Called Strike
0-1: Ball
1-1: Fielders Choice at 2nd, 6-4 (Groundball, 6M)
Batting: LHB Culley Vaughan 0-0: Called Strike
0-1: Ball
1-1: Called Strike
1-2: Foul Ball, location: 2F
1-2: Ball
2-2: Reached on error, E6 (Groundball, 6)
Gil Palmer to second
Batting: RHB Preston MacLyan 0-0: Ball
1-0: 3-RUN HOME RUN (Flyball, 7LD), Distance : 399 ft
Batting: RHB Frank Maxwell 0-0: Ball
1-0: Foul Ball, location: 2F
1-1: Foul Ball, location: 2F
1-2: Ball
2-2: Strikes out swinging
Batting: RHB Mark Arnold 0-0: Ball
1-0: Ground out 4-3 (Groundball, 4M)
Bottom of the 4th over - 3 run(s), 2 hit(s), 1 error(s), 0 left on base; West Virginia 6 - BlackIron 4
TOP OF THE 5TH
West Virginia Power batting - Pitching for BlackIron Dragons : RHP Víctor Ventura
Pitching: RHP Ken Burris
Batting: RHB Tony Parker 0-0: Fly out, F3 (Popup, 3L)
Batting: SHB Waylon Adams 0-0: Called Strike
0-1: Swinging Strike
0-2: Strikes out swinging
Batting: LHB Héctor Soto 0-0: Ball
1-0: Ground out 3-1 (Groundball, 34)
Top of the 5th over - 0 run(s), 0 hit(s), 0 error(s), 0 left on base; West Virginia 6 - BlackIron 4
BOTTOM OF THE 5TH
BlackIron Dragons batting - Pitching for West Virginia Power : RHP Aaron Thrash
Batting: RHB Doug O'Brien 0-0: Ball
1-0: Ball
2-0: Ball
3-0: Called Strike
3-1: Called Strike
3-2: Strikes out swinging
Batting: RHB Eugene Payne 0-0: Ground out 2-3 (Groundball, 2L)
Batting: RHB José Colón 0-0: Fly out, F8 (Line Drive, 8LD)
Bottom of the 5th over - 0 run(s), 0 hit(s), 0 error(s), 0 left on base; West Virginia 6 - BlackIron 4
TOP OF THE 6TH
West Virginia Power batting - Pitching for BlackIron Dragons : RHP Ken Burris
Batting: LHB Lúcio Anaya 0-0: Ball
1-0: Foul Ball, location: 2F
1-1: Swinging Strike
1-2: Strikes out looking
Batting: LHB Júlio Martínez 0-0: Reached on Error, E7 (Flyball, 7LM)
Batting: LHB Héctor Cruz 0-0: Called Strike
0-1: Foul Ball, location: 2F
0-2: Ball
1-2: Fly out, F9 (Line Drive, 9M)
Batting: RHB Aaron Murray 0-0: Called Strike
0-1: Ball
1-1: Swinging Strike
1-2: Ball
2-2: Ball
3-2: Fly out, F8 (Flyball, 8LM)
Top of the 6th over - 0 run(s), 0 hit(s), 1 error(s), 1 left on base; West Virginia 6 - BlackIron 4
BOTTOM OF THE 6TH
BlackIron Dragons batting - Pitching for West Virginia Power : RHP Aaron Thrash
Batting: RHB Boyd Pittman 0-0: Ball
1-0: Ball
2-0: Fly out, F9 (Flyball, 9LM)
Batting: RHB Gil Palmer 0-0: Ball
1-0: Foul Ball, location: 2F
1-1: SINGLE (Line Drive, 6M)
Batting: LHB Culley Vaughan 0-0: Ball
Gil Palmer is caught stealing 2nd base
1-0: Called Strike
1-1: SINGLE (Line Drive, 4MD)
Batting: RHB Preston MacLyan 0-0: Ball
1-0: Called Strike
1-1: SINGLE (Flyball, 78S)
Culley Vaughan to second
Batting: RHB Frank Maxwell 0-0: SINGLE (Line Drive, 89S)
Culley Vaughan to third
Preston MacLyan to second
Runner from 3rd tries for Home, SAFE, no throw or cutoff
Batting: RHB Mark Arnold 0-0: Ball
1-0: Foul Ball, location: 2F
1-1: Foul Ball, location: 2F
1-2: Foul Ball, location: 2F
1-2: Ball
2-2: Strikes out swinging
Bottom of the 6th over - 1 run(s), 4 hit(s), 0 error(s), 2 left on base; West Virginia 6 - BlackIron 5
TOP OF THE 7TH
West Virginia Power batting - Pitching for BlackIron Dragons : RHP Ken Burris
Pitching: LHP Nick Walters
Batting: RHB Dave McGrath 0-0: Fly out, F8 (Flyball, 8RM)
Batting: RHB Ben Dougherty 0-0: Called Strike
0-1: Fly out, F6 (Popup, 6D)
Batting: RHB Tony Parker 0-0: Ball
1-0: Ball
2-0: Called Strike
2-1: Ball
3-1: Base on Balls
Pinch Hitting: RHB Will Lott 0-0: Ball
1-0: Called Strike
1-1: Foul Ball, location: 2F
1-2: Strikes out swinging
Top of the 7th over - 0 run(s), 0 hit(s), 0 error(s), 1 left on base; West Virginia 6 - BlackIron 5
BOTTOM OF THE 7TH
BlackIron Dragons batting - Pitching for West Virginia Power : RHP Aaron Thrash
Now at 1B: Will Lott
Batting: RHB Doug O'Brien 0-0: Called Strike
0-1: Foul Ball, location: 2F
0-2: Strikes out looking
Batting: RHB Eugene Payne 0-0: Foul Ball, location: 2F
0-1: Fly out, F8 (Flyball, 8RD)
Batting: RHB José Colón 0-0: Ball
1-0: Fly out, F7 (Flyball, 7M)
Bottom of the 7th over - 0 run(s), 0 hit(s), 0 error(s), 0 left on base; West Virginia 6 - BlackIron 5
TOP OF THE 8TH
West Virginia Power batting - Pitching for BlackIron Dragons : LHP Nick Walters
Batting: LHB Héctor Soto 0-0: Called Strike
0-1: Called Strike
0-2: Ball
1-2: Strikes out swinging
Batting: LHB Lúcio Anaya 0-0: Ball
1-0: Swinging Strike
1-1: Foul Ball, location: 2F
1-2: SINGLE (Line Drive, 34)
Pinch Hitting: RHB Roberto Tobías 0-0: Called Strike
0-1: Foul Ball, location: 2F
0-2: Ball
1-2: Foul Ball, location: 2F
1-2: Foul Ball, location: 2F
1-2: Ball
Lúcio Anaya steals 2nd base
2-2: Ball
3-2: Intentional Walk
Batting: LHB Héctor Cruz 0-0: Ball
1-0: Ball
2-0: Grounds into double play, 4-6-3 (Groundball, 34)
Top of the 8th over - 0 run(s), 1 hit(s), 0 error(s), 1 left on base; West Virginia 6 - BlackIron 5
BOTTOM OF THE 8TH
BlackIron Dragons batting - Pitching for West Virginia Power : RHP Aaron Thrash
Pitching: RHP Brad Flores
Now in RF: Claudio Morán
Batting: RHB Boyd Pittman 0-0: Foul Ball, location: 2F
0-1: Foul Ball, location: 2F
0-2: Ball
1-2: Ball
2-2: Foul Ball, location: 2F
2-2: Ball
3-2: Fly out, F3 (Popup, 3SF)
Pitching: LHP Ricardo Guichardo
Batting: RHB Gil Palmer 0-0: Ball
1-0: Swinging Strike
1-1: Ball
2-1: Ball
3-1: SINGLE (Line Drive, 9LS)
Batting: LHB Culley Vaughan 0-0: Called Strike
0-1: Called Strike
0-2: Ball
1-2: Grounds into double play, 4-6-3 (Groundball, 4)
Bottom of the 8th over - 0 run(s), 1 hit(s), 0 error(s), 0 left on base; West Virginia 6 - BlackIron 5
TOP OF THE 9TH
West Virginia Power batting - Pitching for BlackIron Dragons : LHP Nick Walters
Pitching: RHP Clayton Hawkins
Batting: RHB Aaron Murray 0-0: Called Strike
0-1: Ball
1-1: Foul Ball, location: 2F
1-2: Strikes out swinging
Batting: RHB Dave McGrath 0-0: Ball
1-0: Ball
2-0: Ball
3-0: Called Strike
3-1: Called Strike
3-2: Strikes out looking
Batting: RHB Ben Dougherty 0-0: Called Strike
0-1: Ball
1-1: Ball
2-1: Ball
3-1: Base on Balls
Batting: RHB Tony Parker 0-0: Ball
1-0: Called Strike
1-1: Foul Ball, location: 2F
1-2: Ball
2-2: Ball
3-2: Base on Balls
Ben Dougherty to second
Batting: RHB Will Lott 0-0: Ball
1-0: Ground out 6-3 (Groundball, 6)
Top of the 9th over - 0 run(s), 0 hit(s), 0 error(s), 2 left on base; West Virginia 6 - BlackIron 5
BOTTOM OF THE 9TH
BlackIron Dragons batting - Pitching for West Virginia Power : LHP Ricardo Guichardo
Pitching: RHP Mike Frank
Now at 3B: Ron Guillén
Pinch Hitting: LHB Chris Waggoner 0-0: Foul Ball, location: 2F
0-1: Foul Ball, location: 2F
0-2: Ball
1-2: Fly out, F6 (Popup, 56D)
Batting: RHB Frank Maxwell 0-0: Ball
1-0: Ball
2-0: SINGLE (Line Drive, 56)
Pinch Runner at 1st Juan Hernández:
Batting: RHB Mark Arnold 0-0: Fly out, F8 (Flyball, 8RXD)
Runner from 1st tags up, SAFE at 2nd
Batting: RHB Doug O'Brien 0-0: 2-RUN HOME RUN (Line Drive, 78XD), Distance : 419 ft
Monday, December 5th, 2016 - OOTP Baseball 17.12 Build 75